 Dungeon Crawl Stone Soup version 0.30-a0-1114-gd936c97349 (webtiles) character file.

Game seed: 11589608586876530176

1127 sircluck the Cleaver (level 8, 0/70 HPs)
             Began as a Hill Orc Fighter on Apr 20, 2023.
             Slain by a gnoll
             ... wielding a +0 club
              (6 damage)
             ... on level 5 of the Dungeon.
             The game lasted 00:04:54 (4165 turns).

sircluck the Cleaver (Hill Orc Fighter)             Turns: 4165, Time: 00:04:54

Health: 0/70       AC:  0    Str: 21    XL:     8   Next: 35%
Magic:  8/8        EV: 10    Int:  8    God:
Gold:   242        SH:  4    Dex: 10    Spells: 7/7 levels left

rFire   . . .      SeeInvis .    a - +0 war axe
rCold   . . .      Faith    .    c - +0 buckler
rNeg    . . .      Spirit   .    b - +0 scale mail
rPois   .          Reflect  .    (no helmet)
rElec   .          Rampage  .    (no cloak)
rCorr   .                        (no gloves)
Will    .....                    (no boots) Stlth
                                 (no amulet)
HPRegen 0.31/turn                (no ring)
MPRegen 0.11/turn                (no ring)

@: corroded
A: no striking features
a: no special abilities


You were on level 5 of the Dungeon.
You visited 1 branch of the dungeon, and saw 5 of its levels.

You collected 242 gold pieces.

Inventory:

Hand Weapons
 a - a +0 war axe (weapon)
Missiles
 k - 46 stones (quivered)
 z - 20 poisoned darts
Armour
 b - a +0 scale mail (worn)
 c - a +0 buckler (worn)
 o - a +0 cloak
 s - the +2 leather armour "Xosese" {*Slow +Blink Int+3 Stlth+}
   (You found it on level 3 of the Dungeon)

   Int:       It affects your intelligence (+3).
   +Blink:    It lets you blink.
   *Slow:     It may slow you when you take damage.
   Stlth:     It makes you more stealthy.
 u - a +0 kite shield
Jewellery
 x - an amulet of the acrobat
 D - a +6 ring of dexterity
Wands
 v - a wand of paralysis (10)
 B - a wand of roots (9)
Scrolls
 e - a scroll of enchant armour {unknown}
 f - 3 scrolls of immolation {unknown}
 g - 7 scrolls of identify {unknown}
 l - a scroll of butterflies {unknown}
 m - a scroll of blinking {unknown}
 q - 2 scrolls of teleportation {unknown}
 r - 2 scrolls of fear {unknown}
 w - a scroll of torment {unknown}
 y - a scroll of enchant weapon {unknown}
Potions
 d - 2 potions of might
 i - 2 potions of attraction
 j - 4 potions of mutation {unknown}
 n - a potion of resistance {unknown}
 p - a potion of brilliance {unknown}
 t - a potion of magic {unknown}
 A - a potion of heal wounds {unknown}
 C - 2 potions of lignification {unknown}


   Skills:
 + Level 5.6 Fighting
 + Level 8.9 Axes
 + Level 6.0 Armour
 + Level 2.0 Dodging
 + Level 0.7 Stealth
 + Level 4.3 Shields


You had 7 spell levels left.
You didn't know any spells.
Your spell library contained the following spells:

 Spells                   Type           Power      Damage    Failure   Level
 Blink                    Tloc           0%         N/A       91%         2
 Ensorcelled Hibernation  Hex/Ice        0%         N/A       91%         2
 Lesser Beckoning         Tloc           0%         N/A       91%         2
 Momentum Strike          Conj/Tloc      0%         3d8       91%         2
 Passwall                 Tmut/Erth      0%         N/A       91%         2
 Mephitic Cloud           Conj/Pois/Air  0%         N/A       99%         3
 Portal Projectile        Hex/Tloc       0%         N/A       99%         3
 Swiftness                Air            0%         N/A       99%         3
 Vhi's Electric Charge    Tloc/Air       0%         N/A       99%         3
 Arcjolt                  Conj/Air       0%         1d10      100%        5
 Plasma Beam              Fire/Air       0%         2x1d11    100%        6
 Lehudib's Crystal Spear  Conj/Erth      0%         10d2      100%        8


Dungeon Overview and Level Annotations

Branches:
Dungeon (6/15)
 Temple: D:4-7

Altars:
Gozag
Nemelex Xobeh
Ru


Message History

The gnoll is severely wounded.
You hit the jelly but do no damage. The acid corrodes you!
Your hands burn!
The jelly hits you. The acid corrodes you!
You are splashed with acid!
You block the gnoll's attack. The gnoll hits you with a +0 club.
* * * LOW HITPOINT WARNING * * *
You are too injured to fight recklessly!
You are too injured to fight recklessly!
You are too injured to fight recklessly!
You feel better. The gnoll barely misses you. The jelly barely misses you.
The gnoll completely misses you.
You slash the jelly!
Your hands burn!
The jelly is almost dead.
You hit the gnoll but do no damage.
The gnoll hits you from afar with a +0 halberd.
The jelly barely misses you. The gnoll hits you with a +0 club.
* * * LOW HITPOINT WARNING * * *
You slash the jelly!
You kill the jelly!
You closely miss the gnoll.
The gnoll hits you from afar with a +0 halberd!
* * * LOW HITPOINT WARNING * * *
You block the gnoll's attack.
You hit the gnoll but do no damage.
The gnoll is severely wounded.
The gnoll barely misses you.
You closely miss the gnoll.
The gnoll is severely wounded.
The gnoll hits you from afar with a +0 halberd!
* * * LOW HITPOINT WARNING * * *
The gnoll barely misses you.
You feel better. The gnoll closely misses you.
Unknown command.
You hit the gnoll but do no damage.
The gnoll is severely wounded.
The gnoll misses you. The gnoll hits you with a +0 club.
* * * LOW HITPOINT WARNING * * *
You hit the gnoll but do no damage.
The gnoll is severely wounded.
The gnoll barely misses you. The gnoll hits you with a +0 club.
You die...

#...........#
#.....
##...........#
#.....
#............#
#.....
..........?..#
#....# #...)......#
#.....
.#...)......#
###....#
........g#####
###......#
...###.#..g.#
#...#....# +
#....@.##
#.###....#
#.......#####.#
#....#
#.#.#......^#..#
#....#
#...#...###>..##
#....# +...#...#
#.### #....#
#...#...# #.#
######### ###
#...###†###........
..###....##.#######
.## #.#.>.......#


You could see 2 gnolls.

Vanquished Creatures
  Sigmund (D:2)
  Menkaure (D:5)
  An ice beast (D:6)
  An ogre (D:3)
  A phantom (D:6)
  2 kobold brigands (D:6)
  A scorpion (D:5)
  A howler monkey (D:6)
  A jelly (D:5)
  A hound (D:6)
  Crazy Yiuf (D:2)
  An orc priest (D:3)
  An iguana (D:5)
  An orc wizard (D:3)
  Robin (D:3)
  2 gnolls (D:5)
  4 adders
  2 white imps
  An ufetubus (D:6)
  2 dart slugs (D:3)
  A worm (D:2)
  10 orcs
  8 bats
  4 endoplasms
  2 giant cockroaches (D:1)
  16 goblins
  5 hobgoblins
  13 kobolds
  3 quokkas
  6 ball pythons
  5 frilled lizards
  2 rats
102 creatures vanquished.

Notes
Turn   | Place    | Note
-------+----------+-------------------------------------------
     0 | D:1      | sircluck the Hill Orc Fighter began the quest for the Orb.
     0 | D:1      | Reached XP level 1. HP: 19/19 MP: 1/1
   307 | D:1      | Reached XP level 2. HP: 21/27 MP: 2/2
   346 | D:1      | Reached skill level 3 in Axes
   690 | D:1      | Reached XP level 3. HP: 33/33 MP: 3/3
  1076 | D:2      | Noticed Sigmund
  1103 | D:2      | Killed Sigmund
  1104 | D:2      | Reached skill level 5 in Axes
  1104 | D:2      | Reached skill level 1 in Dodging
  1104 | D:2      | Reached XP level 4. HP: 18/41 MP: 4/4
  1104 | D:2      | Reached XP level 5. HP: 20/47 MP: 5/5
  1272 | D:2      | Reached XP level 6. HP: 51/53 MP: 6/6
  1575 | D:2      | Found a runed translucent door.
  1576 | D:2      | Noticed Crazy Yiuf
  1863 | D:2      | Killed Crazy Yiuf
  1969 | D:3      | Noticed Robin
  1981 | D:3      | Killed Robin
  2105 | D:3      | Identified the +2 leather armour "Xosese" {*Slow +Blink
                  | Int+3 Stlth+}
  2113 | D:3      | Reached skill level 6 in Axes
  2276 | D:3      | Found a sacrificial altar of Ru.
  2617 | D:3      | Reached skill level 5 in Armour
  2617 | D:3      | Reached XP level 7. HP: 57/60 MP: 7/7
  2640 | D:3      | Found a sparkling altar of Nemelex Xobeh.
  3114 | D:3      | You fall into a shaft and drop 3 floors!
  3224 | D:6      | Found an opulent altar of Gozag.
  3270 | D:6      | Reached skill level 7 in Axes
  3473 | D:6      | Reached skill level 5 in Fighting
  3677 | D:6      | Reached skill level 8 in Axes
  3788 | D:6      | Reached XP level 8. HP: 65/66 MP: 8/8
  3799 | D:5      | Entered Level 5 of the Dungeon
  3829 | D:5      | Noticed Menkaure
  3834 | D:5      | Killed Menkaure
  3947 | D:5      | Got the Handbook of the Mighty Maleficium
  4162 | D:5      | HP: 3/70 [gnoll/+0 halberd (7)]
  4165 | D:5      | Slain by a gnoll

Illustrated notes

Levels and vault maps discovered:
D:1:      matt_arrival_spirals, layout_loops_ring, minmay_3d_cube
D:2:      layout_basic, uniq_crazy_yiuf_cottage, uniq_sigmund
D:3:      layout_loops_ring, nicolae_ru_great_annihilating_truth,
          nemelex_spade_bored_becter, kennysheep_generic_room_6, uniq_robin
D:5:      layout_basic, mainiacjoe_overflow_chevrons, evilmike_ruin_ashenzari,
          uniq_menkaure
D:6:      layout_basic, grunt_gozag_breadcrumbs

Skill      XL: |  1  2  3  4  5  6  7  8 |
---------------+-------------------------+-----
Axes           | 3 5 6 8 |  8.9
Fighting       | 4 5 |  5.6
Armour         | 4 5 6 |  6.0
Dodging        | 1 2 |  2.0
Shields        | 4 |  4.3
Stealth        | |  0.7

Action                     |  1- 3 |  4- 6 |  7- 9 || total
---------------------------+-------+-------+-------++-------
  Melee: War axe           |    85 |   104 |    95 ||   284
    Use: Potion            |       |     2 |     2 ||     4
   Stab: Distracted        |       |     1 |       ||     1
 Armour: Scale mail        |    47 |    40 |    36 ||   123
  Dodge: Dodged            |    46 |    43 |    42 ||   131
  Block: Buckler           |    21 |    27 |    23 ||    71

Table legend: (Time is in decaauts)
 A = Elapsed time spent in this place.
 B = Non-inter-level travel time spent in this place.
 C = Inter-level travel time spent in this place.
 D = Time resting spent in this place.
 E = Time spent auto-exploring this place.
 F = Levels seen in this place.
 G = Mean time per level.
                   A        B        C        D        E       F      G
               +--------+--------+--------+--------+--------+-----+--------+
         Total |   4224 |   4054 |    170 |    328 |   3056 |   5 |  844.8 |
       Dungeon |   4224 |   4054 |    170 |    328 |   3056 |   5 |  844.8 |
               +--------+--------+--------+--------+--------+-----+--------+

Top non-repeatable levels by time:
     D:3: 1171 daAuts
     D:2: 1080 daAuts
     D:1: 909 daAuts
     D:6: 694 daAuts
     D:5: 368 daAuts
